 Dungeon Crawl Stone Soup version 0.31-a0-538-gbc85326fa9 (webtiles) character file.

Game seed: 11968291078588200077

56 dialectric the Covered (level 3, -3/33 HPs)
             Began as a Minotaur Fighter on Aug 13, 2023.
             Slain by Sigmund
             ... wielding a +0 scythe
              (8 damage)
             ... on level 2 of the Dungeon.
             The game lasted 00:01:13 (985 turns).

dialectric the Covered (Minotaur Fighter)            Turns: 985, Time: 00:01:13

Health: -3/33      AC:  7    Str: 20    XL:     3   Next: 71%
Magic:  2/2        EV: 10    Int:  5    God:
Gold:   40         SH:  0    Dex: 11    Spells: 2/2 levels left

rFire   . . .        a - +0 long sword
rCold   . . .        (no shield)
rNeg    . . .        b - +0 scale mail
rPois   .            (helmet restricted)
rElec   .            (no cloak)
rCorr   +            (no gloves)
SInv    .            (no boots)
Will    +....        (no amulet) Stlth
                     k - ring of resist corrosion
HPRegen 0.25/turn    (no ring)
MPRegen 0.08/turn

%: no passive effects
@: mighty, enlightened, flying
A: horns 2, retaliatory headbutt
a: no special abilities


You were on level 2 of the Dungeon.
You visited 1 branch of the dungeon, and saw 2 of its levels.

You collected 40 gold pieces.

Inventory:

Hand Weapons
 a - a +0 long sword (weapon)
Armour
 b - a +0 scale mail (worn)
 c - a +0 buckler
 o - a +0 hat
Jewellery
 k - a ring of resist corrosion (left hand)
Scrolls
 e - 2 scrolls of immolation {unknown}
 f - a scroll of noise {unknown}
 g - a scroll of teleportation
 j - a scroll of silence {unknown}
 l - 2 scrolls of identify {unknown}
 m - 2 scrolls of enchant armour {unknown}
 n - a scroll of summoning {unknown}


   Skills:
 + Level 4.1 Fighting
 + Level 3.3 Long Blades
 + Level 4.2 Armour
 * Level 1.5 Dodging
 - Level 3.6 Shields


You had 2 spell levels left.
You didn't know any spells.
Your spell library was empty.

Dungeon Overview and Level Annotations

Branches:
Dungeon (2/15)

Altars:

Annotations:
D:2 Sigmund


Innate Abilities, Weirdness & Mutations

You have a pair of horns on your head.
You reflexively headbutt those who attack you in melee.


Message History

Sigmund mumbles some strange words.
Sigmund flickers and vanishes!
Deactivating autopickup; reactivate with Ctrl-A.
No target in view!
No target in view!
No target in view!
No target in view!
No target in view!
No target in view!
Unknown command.
You feel very mighty all of a sudden. Something hits you.
You barely miss something. Something hits you.
You miss something. You headbutt something! Something hits you.
You miss something. You barely miss something. Your headbutt misses something.
You hear some strange, mumbled words.
A puff of flame appears from out of thin air!
The puff of flame hits you! Something hits you but does no damage.
You miss something. You closely miss something. Your headbutt misses something.
Something hits you!
* * * LOW HITPOINT WARNING * * *
It was a potion of enlightenment.
You feel very buoyant.
You fly up into the air.
Something hits you.
* * * LOW HITPOINT WARNING * * *
It was a potion of ambrosia.
You are confused.
You feel invigorated. Something hits you.
* * * LOW HITPOINT WARNING * * *
You miss something.
You feel less invigorated.
You feel less confused. Something hits you but does no damage.
There is an open door here.
Something hits you.
* * * LOW HITPOINT WARNING * * *
The endoplasm hits you but does no damage.
You barely miss the endoplasm. Something hits you!
You die...

## ###...#.[....## ....
#...#......#
###...###...#......#
........#...#......#
.....#)#...#......#
...#.#...#......# #.
######'#)'...#......# #.
#.....J{.#...#......###.
#......@.#...#........'.
#........#....####.####.
#........##...####.####.
+........##...'.......#.
#........##...####......
...#.....?##### #......
##.#...... #...... #
#....... #...... ......


You could see an endoplasm.

Vanquished Creatures
  An adder (D:2)
  A gnoll (D:1)
  5 bats
  4 endoplasms
  2 giant cockroaches
  6 goblins
  4 hobgoblins (D:2)
  3 ball pythons (D:1)
  2 frilled lizards
  4 kobolds
  4 rats (D:1)
36 creatures vanquished.

Notes
Turn   | Place    | Note
-------+----------+-------------------------------------------
     0 | D:1      | dialectric the Minotaur Fighter began the quest for the
                  | Orb.
     0 | D:1      | Reached XP level 1. HP: 19/19 MP: 0/0
   119 | D:1      | Reached XP level 2. HP: 27/27 MP: 1/1
   324 | D:1      | Reached skill level 1 in Dodging
   490 | D:1      | Reached XP level 3. HP: 27/33 MP: 2/2
   966 | D:2      | Noticed Sigmund
   979 | D:2      | HP: 1/33 [something (3)]
   985 | D:2      | Slain by Sigmund

Illustrated notes

Levels and vault maps discovered:
D:1:      tarquinn_simple_flora_water_d, layout_basic, skrybe_limestone_x
D:2:      layout_basic, uniq_sigmund, uniq_robin, uniq_terence

Skill      XL: |  1  2 |
---------------+-------+-----
Dodging        | 1 |  1.5
Armour         | 4 |  4.2
Fighting       | 4 |  4.1
Long Blades    | 3 |  3.3
Shields        | |  3.6

Action                     || total
---------------------------++-------
  Melee: Long sword        ||    74
         Headbutt          ||    10
         Punch             ||     2
    Use: Potion            ||     3
         Scroll            ||     1
 Armour: Scale mail        ||    39
  Dodge: Dodged            ||    46

Table legend: (Time is in decaauts)
 A = Elapsed time spent in this place.
 B = Non-inter-level travel time spent in this place.
 C = Inter-level travel time spent in this place.
 D = Time resting spent in this place.
 E = Time spent auto-exploring this place.
 F = Levels seen in this place.
 G = Mean time per level.
                   A        B        C        D        E       F      G
               +--------+--------+--------+--------+--------+-----+--------+
         Total |   1003 |    975 |     28 |      0 |    758 |   2 |  501.5 |
       Dungeon |   1003 |    975 |     28 |      0 |    758 |   2 |  501.5 |
               +--------+--------+--------+--------+--------+-----+--------+

Top non-repeatable levels by time:
     D:1: 750 daAuts
     D:2: 252 daAuts
